 Dungeon Crawl Stone Soup version 0.31.0-9-g3a7656b989 (webtiles) character file.

Game seed: 367872365412623573

379 qw the Shooter (level 6, 0/51 HPs)
             Began as a Demigod Hunter on Feb 2, 2024.
             Succumbed to an adder's poison
             ... on level 4 of the Dungeon.
             The game lasted 00:00:12 (2717 turns).

qw the Shooter (Demigod Hunter)                     Turns: 2717, Time: 00:00:13

Health: 0/51       AC:  3    Str: 12    XL:     6   Next: 21%
Magic:  8/8        EV: 11    Int: 11    God:
Gold:   174        SH:  9    Dex: 25    Spells: 5/5 levels left

rFire   . . .        a - +1 shortbow
rCold   . . .        (shield currently unavailable)
rNeg    . . .        d - +0 ring mail
rPois   .            o - +1 hat
rElec   .            (no cloak)
rCorr   .            (no gloves)
SInv    .            (no boots)
Will    .....        e - amulet of reflection
Stlth   ++           (no ring)
HPRegen 0.28/turn    (no ring)
MPRegen 0.11/turn

%: reflection
@: lethally poisoned (0 -> 0)
A: high MP 1, forlorn, divine attributes, large bone plates 1, deformed body
a: no special abilities


You were on level 4 of the Dungeon.
You visited 1 branch of the dungeon, and saw 4 of its levels.

You collected 174 gold pieces.


Innate Abilities, Weirdness & Mutations

You have an increased reservoir of magic. (+10% MP)
You shall have no god before yourself.
Your divine heritage dramatically boosts your attributes as you level up.
You are partially covered in large bone plates. (SH +4)
Armour fits poorly on your strangely shaped body.


   Skills:
 - Level 3.4 Fighting
 - Level 6.1 Ranged Weapons
 - Level 1.1 Armour
 + Level 2.2 Dodging
 - Level 0.8 Stealth


You had 5 spell levels left.
You didn't know any spells.
Your spell library was empty.

Inventory:

Hand Weapons
 a - a +1 shortbow (weapon)
Armour
 d - a +0 ring mail (worn)
 h - a +2 cloak
 o - a +1 hat (worn)
Jewellery
 e - an amulet of reflection (around neck)
 n - a ring of see invisible
Scrolls
 c - a scroll of identify {unknown}
Potions
 b - a potion of degeneration {unknown}
 f - a potion of mutation
 g - a potion of lignification {unknown}
 i - a potion of haste {unknown}
 j - a potion of berserk rage {unknown}
 k - a potion of invisibility {unknown}
 l - a potion of cancellation {unknown}
 m - a potion of curing {unknown}

Dungeon Overview and Level Annotations

Branches:
Dungeon (4/15)
 Temple: D:4-7

Annotations:
D:3 1 runed translucent door, Crazy Yiuf
D:4 Robin


Message History

You shoot an arrow. The arrow closely misses the adder.
You feel very sick. The adder closely misses you.
The goblin hits you with a +0 club. You block the hobgoblin's attack.
You shoot an arrow. The arrow closely misses the adder.
You feel very sick. The adder misses you. You block the goblin's attack.
The hobgoblin barely misses you. The adder barely misses you.
You shoot an arrow. The arrow hits the adder!
You kill the adder!
You feel sick. Robin throws the goblin at you! The goblin closely misses you.
The goblin barely misses you. The hobgoblin barely misses you.
You shoot an arrow. The arrow hits the goblin.
You kill the goblin!
You feel sick.
The hobgoblin no longer looks unusually strong.
Robin throws the goblin at you! The goblin hits you but does no damage.
The hobgoblin hits you but does no damage.
The goblin hits you but does no damage. The goblin closely misses you.
The hobgoblin hits you. The goblin misses you.
You shoot an arrow. The arrow hits the goblin!
You kill the goblin!
You feel sick.
The goblin no longer looks unusually strong.
Robin throws the goblin at you! You block the goblin's attack.
The hobgoblin closely misses you. The goblin misses you.
You shoot an arrow. The arrow hits the goblin.
The goblin is moderately wounded.
You feel sick.
Robin roars a battlecry!
The goblins go into a battle-frenzy!
You block the goblin's attack. The hobgoblin closely misses you.
The goblin hits you with a +0 dagger.
You shoot an arrow. The arrow closely misses the goblin.
You feel sick.
The goblin no longer looks unusually strong.
The goblin hits you but does no damage. The hobgoblin hits you.
You block the goblin's attack.
You shoot an arrow. The arrow closely misses the goblin.
You die...

#.# ... #.. .). #.# ..
#.# .g ##.# #g #..#
#g####..## #. .
#g#......# ...#
#g@.####.# .#.# #.g###
#.# ##...# #...## #.#
#....###
.........##.###....%..
#..#.# #......#..~¤~~.
#..#. #######...~¤...
#. #.# ##...~.###
.##..#># #....~.#
.....#.# ##.##.~.#


You could see Robin, a hobgoblin (strong) and 4 goblins.

Vanquished Creatures
  Blork the orc (D:4)
  Terence (D:3)
  Jessica (D:3)
  An orc wizard (D:3)
  4 gnolls
  11 adders
  2 dart slugs
  3 ribbon worms (D:3)
  6 orcs (D:3)
  10 bats
  8 endoplasms
  4 giant cockroaches
  8 goblins
  3 hobgoblins
  3 jackals (D:1)
  3 quokkas
  4 ball pythons
  6 frilled lizards
  7 kobolds
  4 rats
90 creatures vanquished.

Notes
Turn   | Place    | Note
-------+----------+-------------------------------------------
     0 | D:1      | qw the Demigod Hunter began the quest for the Orb.
     0 | D:1      | Reached XP level 1. HP: 17/17 MP: 3/3
     0 | D:1      | 0 ||| qw: Version: 0.3-a-155-g5e7d8dd
     0 | D:1      | 0 ||| qw: Game counter: 26
     0 | D:1      | 0 ||| qw: Melee chars always use a shield: true
     0 | D:1      | 0 ||| qw: God list: Okawaru
     0 | D:1      | 0 ||| qw: Allow faded altars: false
     0 | D:1      | 0 ||| qw: Do Orc after clearing Dungeon:15 true
     0 | D:1      | 0 ||| qw: Do second Lair branch before Depths: true
     0 | D:1      | 0 ||| qw: Lair rune preference: random
     0 | D:1      | 0 ||| qw: Goals: Normal
     0 | D:1      | 0 ||| PLANNING D:1-11
   103 | D:1      | Reached skill level 4 in Ranged Weapons
   106 | D:1      | Reached XP level 2. HP: 24/24 MP: 4/4
   394 | D:1      | Reached XP level 3. HP: 29/29 MP: 5/5
   835 | D:1      | 835 ||| UPGRADING to +0 ring mail.
   845 | D:1      | 845 ||| DROPPING +0 leather armour.
   846 | D:1      | 846 ||| READING 3 scrolls labelled JOCAYSTESOV.
   847 | D:1      | 847 ||| READING scroll labelled USSO OVESCHOR.
   851 | D:1      | 851 ||| READING scroll labelled ZILUNI ZEOS.
   852 | D:1      | 852 ||| DROPPING scroll of butterflies.
   853 | D:1      | 853 ||| DROPPING 2 scrolls of amnesia.
   855 | D:1      | 855 ||| Stepping ~*~*~tactically~*~*~ (cloud).
  1252 | D:2      | Reached skill level 5 in Ranged Weapons
  1306 | D:2      | Reached XP level 4. HP: 24/36 MP: 6/6
  1513 | D:2      | Reached skill level 1 in Armour
  1598 | D:2      | 1598 ||| UPGRADING to amulet of reflection.
  1603 | D:2      | 1603 ||| READING scroll labelled HOUMIOX SOBUQU.
  1603 | D:2      | 1603 ||| ENCHANTING +0 shortbow.
  1604 | D:2      | 1604 ||| READING scroll labelled FITOUH UFRY.
  1605 | D:2      | 1605 ||| DRINKING 2 clear potions.
  1606 | D:2      | 1606 ||| DROPPING potion of attraction.
  1788 | D:3      | Reached XP level 5. HP: 38/41 MP: 7/7
  1847 | D:3      | Found a runed translucent door.
  1848 | D:3      | Noticed Crazy Yiuf
  2001 | D:3      | Noticed Terence
  2011 | D:3      | Killed Terence
  2012 | D:3      | Reached skill level 6 in Ranged Weapons
  2085 | D:3      | Noticed Jessica
  2086 | D:3      | Killed Jessica
  2333 | D:3      | 2333 ||| UPGRADING to +1 hat.
  2338 | D:3      | 2338 ||| READING scroll labelled JIAWKUY ONWI.
  2339 | D:3      | 2339 ||| READING scroll labelled TAOTHA CEAWEE.
  2411 | D:3      | 2411 ||| READING scroll labelled NAR PILAOSCHA.
  2412 | D:3      | 2412 ||| DRINKING 2 green potions.
  2412 | D:3      | Gained mutation: Armour fits poorly on your strangely
                  | shaped body. [potion of mutation]
  2412 | D:3      | Gained mutation: You are partially covered in large bone
                  | plates. (SH +4) [potion of mutation]
  2446 | D:4      | 2446 ||| STAIRDANCE
  2450 | D:4      | 2450 ||| STAIRDANCE
  2457 | D:4      | 2457 ||| STAIRDANCE
  2498 | D:4      | 2498 ||| STAIRDANCE
  2638 | D:4      | Noticed Blork the orc
  2644 | D:4      | Killed Blork the orc
  2645 | D:4      | Reached skill level 3 in Fighting
  2645 | D:4      | Reached XP level 6. HP: 51/51 MP: 8/8
  2701 | D:4      | Noticed Robin
  2705 | D:4      | Identified the +0 ring mail of Valiance {rElec rF+}
  2713 | D:4      | HP: 12/51 [poisoned by an adder]
  2715 | D:4      | HP: 5/51 [goblin/+0 dagger[Robin] (2)]
  2716 | D:4      | HP: 1/51 [hobgoblin[Robin] (2)]
  2717 | D:4      | Succumbed to an adder's poison

Levels and vault maps discovered:
D:1:      mrwooster_arrival_statue_2, layout_basic
D:2:      layout_loops_ring
D:3:      layout_rooms, mainiacjoe_overflow_paths,
          dreamdust_ecumenical_altar_angels_and_demons, minmay_circle_x,
          uniq_jessica, uniq_crazy_yiuf_cottage, uniq_terence
D:4:      layout_rooms, mainiacjoe_overflow_boulevard,
          mainiacjoe_overflow_brackets, grunt_temple_overflow_open,
          minmay_temple_entry_mini_moons, st_stairs_14, uniq_robin,
          uniq_blork_the_orc, uniq_ijyb

Skill      XL: |  1  2  3  4  5 |
---------------+----------------+-----
Ranged Weapons | 4 5 6 |  6.1
Fighting       | 2 3 |  3.4
Dodging        | 2 |  2.2
Armour         | 1 |  1.1
Stealth        | |  0.8

Action                     |  1- 3 |  4- 6 || total
---------------------------+-------+-------++-------
   Fire: Shortbow          |   111 |   180 ||   291
    Use: Scroll            |     3 |     5 ||     8
         Potion            |       |     2 ||     2
 Armour: Leather armour    |     7 |       ||     7
         Ring mail         |    16 |    63 ||    79
  Dodge: Dodged            |    41 |    61 ||   102
  Block: Other             |       |    26 ||    26
         Reflection        |       |     1 ||     1

Table legend:
 A = Non-vault XP
 B = Vault XP
 C = Vault XP percentage of total XP
 D = Non-vault monster count
 E = Vault monster count
 F = Vault count percentage of total count
                 A         B        C        D         E       F
            +---------+---------+-------+---------+---------+-------
      Total |     337 |     205 |  37.8 |      74 |      16 |  17.8
            +---------+---------+-------+---------+---------+-------
        D:1 |      57 |       0 |   0.0 |      25 |       0 |   0.0
        D:2 |      78 |       0 |   0.0 |      21 |       0 |   0.0
        D:3 |     171 |      99 |  36.7 |      23 |       9 |  28.1
        D:4 |      31 |     106 |  77.4 |       5 |       7 |  58.3
            +---------+---------+-------+---------+---------+-------
